TOP OF THE 1ST |
Cleveland (APP) Indians batting - Pitching for Oakland (APP) Athletics : RHP Caleb Hansberger
|
Pitching: RHP Caleb Hansberger
|
|
Batting: RHB Kenzo Shinoda
|
0-0: Hit by Pitch
|
Batting: LHB Shane Montalvo
|
0-0: Ball 1-0: Foul Ball, location: 2F 1-1: Ball 2-1: Ball Kenzo Shinoda is caught stealing 2nd base 2-6 3-1: Foul Ball, location: 2F 3-2: Foul Ball, location: 2F 3-2: SINGLE (Flyball, 4D, EV 96.9 MPH)
|
Batting: RHB Gary Ming
|
0-0: Ball 1-0: Called Strike Shane Montalvo steals 2nd base 1-1: Fly out, F8 (Flyball, 89XD, EV 86.9 MPH) Runner from 2nd tags up, SAFE at 3rd, no throw by CF
|
Batting: LHB Devon Grant
|
0-0: Called Strike 0-1: Ball 1-1: Foul Ball, location: 2F 1-2: Ball 2-2: Ground out 6-3 (Groundball, 6, EV 93.1 MPH)
|
Top of the 1st over - 0 runs, 1 hit, 0 errors, 1 left on base; Cleveland (APP) 0 - Oakland (APP) 0 |
BOTTOM OF THE 1ST |
Oakland (APP) Athletics batting - Pitching for Cleveland (APP) Indians : LHP Tony Flores
|
Pitching: LHP Tony Flores
|
|
Batting: RHB Mike Gangi
|
0-0: Ball 1-0: Foul Ball, location: 2F 1-1: Ball 2-1: Fly out, F9 (Flyball, 9, EV 86.2 MPH)
|
Batting: RHB Chris Bohm
|
0-0: Foul Ball, location: 2F 0-1: Foul Ball, location: 2F 0-2: Ground out 6-3 (Groundball, 6, EV 80.6 MPH)
|
Batting: LHB Marcus Pollard
|
0-0: Called Strike 0-1: Called Strike 0-2: Foul Ball, location: 2F 0-2: Ball 1-2: Foul Ball, location: 2F 1-2: SINGLE (Groundball, 6D, EV 105.0 MPH)
|
Batting: RHB Jason Dove
|
0-0: Swinging Strike 0-1: Ball 1-1: 2-RUN HOME RUN (Flyball, 7LD, EV 95.6 MPH), Distance : 338 ft
|
Batting: RHB David Sharp
|
0-0: Ball 1-0: Foul Ball, location: 2F 1-1: SOLO HOME RUN (Flyball, 89XD, EV 106.2 MPH), Distance : 396 ft
|
Batting: SHB Steve Salafia
|
0-0: Ball 1-0: Swinging Strike 1-1: Ball 2-1: Ball 3-1: Base on Balls
|
Batting: RHB Don Burt
|
0-0: Called Strike 0-1: Ground out 6-3 (Groundball, P, EV 91.2 MPH)
|
Bottom of the 1st over - 3 runs, 3 hits, 0 errors, 1 left on base; Cleveland (APP) 0 - Oakland (APP) 3 |
TOP OF THE 2ND |
Cleveland (APP) Indians batting - Pitching for Oakland (APP) Athletics : RHP Caleb Hansberger
|
Batting: RHB Luis Roman
|
0-0: Ball 1-0: Called Strike 1-1: Ball 2-1: Ball 3-1: Called Strike 3-2: Fly out, F8 (Line Drive, 8RM, EV 108.1 MPH)
|
Batting: RHB John Bianconi
|
0-0: Ball 1-0: Ground out 5-3 (Groundball, 56D, EV 103.8 MPH)
|
Batting: RHB Reynaldo Herrera
|
0-0: Ball 1-0: Swinging Strike 1-1: Ball 2-1: Swinging Strike 2-2: Strikes out swinging
|
Top of the 2nd over - 0 runs, 0 hits, 0 errors, 0 left on base; Cleveland (APP) 0 - Oakland (APP) 3 |
BOTTOM OF THE 2ND |
Oakland (APP) Athletics batting - Pitching for Cleveland (APP) Indians : LHP Tony Flores
|
Batting: RHB Scott Lister
|
0-0: Ball 1-0: Swinging Strike 1-1: Called Strike 1-2: Strikes out swinging
|
Batting: RHB Ricardo Claros
|
0-0: Foul Ball, location: 2F 0-1: Swinging Strike 0-2: Ball 1-2: Ball 2-2: Ball 3-2: Strikes out looking
|
Batting: RHB Mike Gangi
|
0-0: Ball 1-0: Ball 2-0: SOLO HOME RUN (Flyball, 78XD, EV 110.0 MPH), Distance : 416 ft
|
Batting: RHB Chris Bohm
|
0-0: Fly out, F4 (Popup, 4, EV 68.1 MPH)
|
Bottom of the 2nd over - 1 run, 1 hit, 0 errors, 0 left on base; Cleveland (APP) 0 - Oakland (APP) 4 |
TOP OF THE 3RD |
Cleveland (APP) Indians batting - Pitching for Oakland (APP) Athletics : RHP Caleb Hansberger
|
Batting: SHB Javon Mitchell
|
0-0: Called Strike 0-1: SINGLE (Groundball, 56S, EV 62.5 MPH) (infield hit)
|
Batting: RHB Anibal Casteles
|
0-0: Called Strike Javon Mitchell steals 2nd base 0-1: Swinging Strike 0-2: Strikes out swinging
|
Batting: RHB Kenzo Shinoda
|
0-0: Ball 1-0: Swinging Strike 1-1: Ground out U3 (Groundball, 23, EV 81.2 MPH) Javon Mitchell to third
|
Batting: LHB Shane Montalvo
|
0-0: Called Strike 0-1: Ball 1-1: TRIPLE (Flyball, 78XD, EV 103.1 MPH) Javon Mitchell scores
|
Batting: RHB Gary Ming
|
0-0: Ball 1-0: Called Strike 1-1: Foul Ball, location: 2F 1-2: Ball 2-2: Ground out 4-3 (Groundball, 4M, EV 85.6 MPH)
|
Top of the 3rd over - 1 run, 2 hits, 0 errors, 1 left on base; Cleveland (APP) 1 - Oakland (APP) 4 |
BOTTOM OF THE 3RD |
Oakland (APP) Athletics batting - Pitching for Cleveland (APP) Indians : LHP Tony Flores
|
Batting: LHB Marcus Pollard
|
0-0: Swinging Strike 0-1: Ball 1-1: Ground out 5-3 (Groundball, 5, EV 97.5 MPH)
|
Batting: RHB Jason Dove
|
0-0: Foul Ball, location: 2F 0-1: Foul Ball, location: 2F 0-2: Ball 1-2: SOLO HOME RUN (Flyball, 9LD, EV 90.0 MPH), Distance : 340 ft
|
Pitching: RHP Andrew Telles
|
|
Batting: RHB David Sharp
|
0-0: Ball 1-0: Foul Ball, location: 2F 1-1: Ground out 6-3 (Groundball, 6S, EV 73.1 MPH)
|
Batting: SHB Steve Salafia
|
0-0: Ball 1-0: Called Strike 1-1: Ball 2-1: Foul Ball, location: 2F 2-2: Foul Ball, location: 2F 2-2: Ground out 5-3 (Groundball, 5, EV 99.4 MPH)
|
Bottom of the 3rd over - 1 run, 1 hit, 0 errors, 0 left on base; Cleveland (APP) 1 - Oakland (APP) 5 |
TOP OF THE 4TH |
Cleveland (APP) Indians batting - Pitching for Oakland (APP) Athletics : RHP Caleb Hansberger
|
Batting: LHB Devon Grant
|
0-0: Ball 1-0: Ball 2-0: SINGLE (Groundball, 4MD, EV 98.8 MPH)
|
Batting: RHB Luis Roman
|
0-0: Ball Devon Grant steals 2nd base 1-0: Ball 2-0: Foul Ball, location: 2F 2-1: Ball 3-1: Called Strike 3-2: DOUBLE (Flyball, 9LD, EV 106.2 MPH) Devon Grant scores
|
Batting: RHB John Bianconi
|
0-0: Called Strike 0-1: Ball Wild Pitch! Luis Roman to third 1-1: Ball 2-1: Foul Ball, location: 2F 2-2: Foul Ball, location: 2F 2-2: Foul Ball, location: 2F 2-2: Ground out 5-3 (Groundball, 56S, EV 87.5 MPH) Luis Roman scores
|
Batting: RHB Reynaldo Herrera
|
0-0: Foul Ball, location: 2F 0-1: Ball 1-1: Swinging Strike 1-2: Ball 2-2: Ground out 5-3 (Groundball, 5S, EV 86.2 MPH)
|
Batting: SHB Javon Mitchell
|
0-0: SINGLE (Groundball, 4D, EV 99.4 MPH)
|
Batting: RHB Anibal Casteles
|
0-0: Ball Javon Mitchell is caught stealing 2nd base 2-4
|
Top of the 4th over - 2 runs, 3 hits, 0 errors, 0 left on base; Cleveland (APP) 3 - Oakland (APP) 5 |
BOTTOM OF THE 4TH |
Oakland (APP) Athletics batting - Pitching for Cleveland (APP) Indians : RHP Andrew Telles
|
Batting: RHB Don Burt
|
0-0: Called Strike 0-1: Called Strike 0-2: Foul Ball, location: 2F 0-2: SINGLE (Line Drive, 89S, EV 109.4 MPH)
|
Batting: RHB Scott Lister
|
0-0: Fielders Choice at 2nd, 4-6 (Groundball, 4, EV 99.4 MPH)
|
Batting: RHB Ricardo Claros
|
0-0: Called Strike 0-1: Ball Scott Lister is caught stealing 2nd base 2-4 1-1: Foul Ball, location: 2F 1-2: Fly out, F7 (Flyball, 7, EV 88.8 MPH)
|
Bottom of the 4th over - 0 runs, 1 hit, 0 errors, 0 left on base; Cleveland (APP) 3 - Oakland (APP) 5 |
TOP OF THE 5TH |
Cleveland (APP) Indians batting - Pitching for Oakland (APP) Athletics : RHP Caleb Hansberger
|
Batting: RHB Anibal Casteles
|
0-0: Called Strike 0-1: Called Strike 0-2: Ball 1-2: Strikes out swinging
|
Batting: RHB Kenzo Shinoda
|
0-0: Ball 1-0: Ball 2-0: Ball 3-0: Base on Balls
|
Batting: LHB Shane Montalvo
|
0-0: Called Strike Kenzo Shinoda steals 2nd base 0-1: Ball 1-1: Swinging Strike 1-2: Ball 2-2: Foul Ball, location: 2F 2-2: Ball 3-2: Strikes out swinging
|
Batting: RHB Gary Ming
|
0-0: Ball 1-0: Ball 2-0: Called Strike 2-1: Swinging Strike 2-2: Ball 3-2: Ground out 4-3 (Groundball, 4, EV 85.6 MPH)
|
Top of the 5th over - 0 runs, 0 hits, 0 errors, 1 left on base; Cleveland (APP) 3 - Oakland (APP) 5 |
BOTTOM OF THE 5TH |
Oakland (APP) Athletics batting - Pitching for Cleveland (APP) Indians : RHP Andrew Telles
|
Batting: RHB Mike Gangi
|
0-0: Ball 1-0: Swinging Strike 1-1: Ball 2-1: SOLO HOME RUN (Flyball, 78XD, EV 106.2 MPH), Distance : 411 ft
|
Batting: RHB Chris Bohm
|
0-0: SOLO HOME RUN (Flyball, 78XD, EV 113.1 MPH), Distance : 423 ft
|
Batting: LHB Marcus Pollard
|
0-0: Ball 1-0: Ball 2-0: Ground out 5-3 (Groundball, 56S, EV 82.5 MPH)
|
Batting: RHB Jason Dove
|
0-0: Ball 1-0: Foul Ball, location: 2F 1-1: Fly out, F6 (Popup, 6M, EV 58.8 MPH)
|
Batting: RHB David Sharp
|
0-0: Foul Ball, location: 2F 0-1: Ball 1-1: Ball 2-1: Ball 3-1: Swinging Strike 3-2: Strikes out swinging
|
Bottom of the 5th over - 2 runs, 2 hits, 0 errors, 0 left on base; Cleveland (APP) 3 - Oakland (APP) 7 |
TOP OF THE 6TH |
Cleveland (APP) Indians batting - Pitching for Oakland (APP) Athletics : RHP Caleb Hansberger
|
Pitching: LHP Alex Shannon
|
|
Batting: LHB Devon Grant
|
0-0: Ball 1-0: Ball 2-0: Ground out 4-3 (Groundball, 4, EV 85.6 MPH)
|
Batting: RHB Luis Roman
|
0-0: Fly out, F7 (Flyball, 7S, EV 95.0 MPH)
|
Batting: RHB John Bianconi
|
0-0: Foul Ball, location: 2F 0-1: Hit by Pitch
|
Batting: RHB Reynaldo Herrera
|
0-0: Ground out 6-3 (Groundball, 6S, EV 66.9 MPH)
|
Top of the 6th over - 0 runs, 0 hits, 0 errors, 1 left on base; Cleveland (APP) 3 - Oakland (APP) 7 |
BOTTOM OF THE 6TH |
Oakland (APP) Athletics batting - Pitching for Cleveland (APP) Indians : RHP Andrew Telles
|
Pitching: RHP Ian Nordquist
|
|
Batting: SHB Steve Salafia
|
0-0: Ground out 5-3 (Groundball, 56, EV 79.4 MPH)
|
Batting: RHB Don Burt
|
0-0: Ball 1-0: Ball 2-0: Ball 3-0: Called Strike 3-1: Base on Balls
|
Batting: RHB Scott Lister
|
0-0: Called Strike 0-1: Foul Ball, location: 2F 0-2: Strikes out looking
|
Batting: RHB Ricardo Claros
|
0-0: Ball 1-0: Ball 2-0: Ball 3-0: Called Strike 3-1: Base on Balls Don Burt to second
|
Batting: RHB Mike Gangi
|
0-0: Ball 1-0: Ball Wild Pitch! Don Burt to third Ricardo Claros to second 2-0: Ball 3-0: Called Strike 3-1: Base on Balls
|
Batting: RHB Chris Bohm
|
0-0: Ball 1-0: Ball 2-0: Fly out, F8 (Flyball, 8LM, EV 89.4 MPH)
|
Bottom of the 6th over - 0 runs, 0 hits, 0 errors, 3 left on base; Cleveland (APP) 3 - Oakland (APP) 7 |
TOP OF THE 7TH |
Cleveland (APP) Indians batting - Pitching for Oakland (APP) Athletics : LHP Alex Shannon
|
Batting: SHB Javon Mitchell
|
0-0: Foul Ball, location: 2F 0-1: Called Strike 0-2: Ball 1-2: Strikes out looking
|
Batting: RHB Anibal Casteles
|
0-0: Ball 1-0: Swinging Strike 1-1: Ball 2-1: Foul Ball, location: 2F 2-2: Ball 3-2: Base on Balls
|
Batting: RHB Kenzo Shinoda
|
0-0: Ball 1-0: Ball 2-0: Ball 3-0: Base on Balls Anibal Casteles to second
|
Batting: LHB Shane Montalvo
|
0-0: Called Strike 0-1: Ball 1-1: Called Strike 1-2: Ball 2-2: Strikes out looking
|
Batting: RHB Gary Ming
|
0-0: Ball 1-0: Foul Ball, location: 2F 1-1: Ball 2-1: Fielders Choice at 2nd, 6-4 (Groundball, 6, EV 82.5 MPH)
|
Top of the 7th over - 0 runs, 0 hits, 0 errors, 2 left on base; Cleveland (APP) 3 - Oakland (APP) 7 |
BOTTOM OF THE 7TH |
Oakland (APP) Athletics batting - Pitching for Cleveland (APP) Indians : RHP Ian Nordquist
|
Batting: LHB Marcus Pollard
|
0-0: Ball 1-0: Ground out U3 (Groundball, 34, EV 76.9 MPH)
|
Batting: RHB Jason Dove
|
0-0: Swinging Strike 0-1: Foul Ball, location: 2F 0-2: Ball 1-2: SINGLE (Groundball, 56D, EV 99.4 MPH)
|
Pitching: LHP Jordan Jimenez
|
|
Batting: RHB David Sharp
|
0-0: Ball 1-0: Called Strike 1-1: Grounds into double play, 6-4-3 (Groundball, 6M, EV 101.2 MPH)
|
Bottom of the 7th over - 0 runs, 1 hit, 0 errors, 0 left on base; Cleveland (APP) 3 - Oakland (APP) 7 |
TOP OF THE 8TH |
Cleveland (APP) Indians batting - Pitching for Oakland (APP) Athletics : LHP Alex Shannon
|
Batting: LHB Devon Grant
|
0-0: Called Strike 0-1: Ball 1-1: SINGLE (Line Drive, 3D, EV 97.5 MPH)
|
Batting: RHB Luis Roman
|
0-0: Foul Ball, location: 2F 0-1: Swinging Strike 0-2: Strikes out swinging
|
Batting: RHB John Bianconi
|
0-0: Fly out, F7 (Flyball, 78M, EV 91.9 MPH)
|
Batting: RHB Reynaldo Herrera
|
0-0: Hit by Pitch Devon Grant to second
|
Pitching: LHP Logan Stewart
|
|
Batting: SHB Javon Mitchell
|
0-0: Ball 1-0: Ground out 6-3 (Groundball, 6M, EV 78.8 MPH)
|
Top of the 8th over - 0 runs, 1 hit, 0 errors, 2 left on base; Cleveland (APP) 3 - Oakland (APP) 7 |
BOTTOM OF THE 8TH |
Oakland (APP) Athletics batting - Pitching for Cleveland (APP) Indians : LHP Jordan Jimenez
|
Batting: SHB Steve Salafia
|
0-0: Foul Ball, location: 2F 0-1: SINGLE (Groundball, 34S, EV 66.2 MPH) (infield hit)
|
Batting: RHB Don Burt
|
0-0: Bunted foul 0-1: Ball 1-1: Bunted foul 1-2: Strikes out swinging
|
Batting: RHB Scott Lister
|
0-0: Called Strike 0-1: Grounds into double play, 5-4-3 (Groundball, 56, EV 82.5 MPH)
|
Bottom of the 8th over - 0 runs, 1 hit, 0 errors, 0 left on base; Cleveland (APP) 3 - Oakland (APP) 7 |
TOP OF THE 9TH |
Cleveland (APP) Indians batting - Pitching for Oakland (APP) Athletics : LHP Logan Stewart
|
Batting: RHB Anibal Casteles
|
0-0: Ground out 5-3 (Groundball, 5, EV 93.1 MPH)
|
Batting: RHB Kenzo Shinoda
|
0-0: Ball 1-0: Ball 2-0: Swinging Strike 2-1: Ball 3-1: SOLO HOME RUN (Flyball, 89XD, EV 104.4 MPH), Distance : 384 ft
|
Batting: LHB Shane Montalvo
|
0-0: Ball 1-0: Ball 2-0: Called Strike 2-1: Ball 3-1: Base on Balls
|
Batting: RHB Gary Ming
|
0-0: Ball 1-0: Foul Ball, location: 2F 1-1: Swinging Strike 1-2: Ball 2-2: Foul Ball, location: 2F 2-2: Strikes out looking
|
Batting: LHB Devon Grant
|
0-0: Ball 1-0: Ball 2-0: Foul Ball, location: 2F 2-1: Ball 3-1: SINGLE (Line Drive, 4M, EV 101.9 MPH) Shane Montalvo to second
|
Batting: RHB Luis Roman
|
0-0: Ground out 4-3 (Groundball, 4, EV 91.2 MPH)
|
Top of the 9th over - 1 run, 2 hits, 0 errors, 2 left on base; Cleveland (APP) 4 - Oakland (APP) 7 |
|